 Dungeon Crawl Stone Soup version 0.29-a0-370-gb5314be063 (webtiles) character file.

Game seed: 7152874267957756999

78643 Artihs the Peltast (level 15, -11/141 HPs)
             Began as a Minotaur Fighter on May 2, 2022.
             Was a High Priest of Okawaru.
             Killed from afar by a deep elf sorcerer (46 damage)
             ... with damnation
             ... on level 3 of the Elven Halls.
             The game lasted 02:46:23 (18272 turns).

Artihs the Peltast (Minotaur Fighter)              Turns: 18272, Time: 02:46:26

Health: -11/141    AC: 44    Str: 27    XL:     15   Next: 18%
Magic:  14/14      EV: 14    Int:  5    God:    Okawaru [*****.]
Gold:   479        SH: 14    Dex: 17    Spells: 11/14 levels left

rFire   + . .      SeeInvis +   K - +1 demon whip (venom)
rCold   + . .      Faith    .   V - +0 kite shield
rNeg    . . .      Spirit   .   v - +15 Maxwell's patent armour {-Cast -Tele rElec Will+ rCorr}
rPois   +          Reflect  .   m - +2 hat {SInv}
rElec   +          Harm     .   c - +2 cloak
rCorr   +          Rampage  .   u - +0 pair of gloves
Will    ++...      NoTele   +   E - +0 pair of boots
Stlth   .......... NoCast   +   Y - amulet of regeneration
HPRegen 1.13/turn               T - +6 ring of dexterity
MPRegen 0.14/turn               F - +4 ring of protection

@: silenced, resistant
A: horns 2, retaliatory headbutt
a: Renounce Religion


You were on level 3 of the Elven Halls.
You worshipped Okawaru.
Okawaru was extremely pleased with you.
You visited 5 branches of the dungeon, and saw 18 of its levels.

You collected 1878 gold pieces.
You spent 1399 gold pieces at shops.

Inventory:

Hand Weapons
 h - a +2 vorpal shortbow
 C - a +1 eveningstar of protection
 K - a +1 demon whip of venom (weapon)
 O - a +2 dire flail of protection
 W - a +3 vorpal mace
Missiles
 b - 15 atropa-tipped darts (quivered)
 l - a curare-tipped dart
 t - 24 poisoned darts
 G - 8 boomerangs
 U - 6 throwing nets
Armour
 c - a +2 cloak (worn)
 m - a +2 hat of see invisible (worn)
 q - a +2 scale mail of willpower
 u - a +0 pair of gloves (worn)
 v - the +15 Maxwell's patent armour (worn) {-Cast -Tele rElec Will+ rCorr}
   (Okawaru gifted it to you on level 2 of the Orcish Mines)

   rElec:     It insulates you from electricity.
   -Cast:     It prevents spellcasting.
   -Tele:     It prevents most forms of teleportation.
   rCorr:     It protects you from acid and corrosion.
   Will:      It increases your willpower.
 E - a +0 pair of boots (worn)
 M - a +5 ring mail of cold resistance
 V - a +0 kite shield (worn)
Jewellery
 g - a ring of protection from cold
 w - a ring of resist corrosion
 F - a +4 ring of protection (right hand)
 L - a ring of fire
 P - a ring of flight
 T - a +6 ring of dexterity (left hand)
 X - a ring of protection from cold
 Y - an amulet of regeneration (around neck)
Wands
 n - a wand of paralysis (9)
 r - a wand of digging (3)
 H - a wand of mindburst (10)
Scrolls
 e - a scroll of brand weapon
 j - 2 scrolls of amnesia
 o - 11 scrolls of teleportation
 y - 4 scrolls of noise
 B - 3 scrolls of immolation
 D - a scroll of fog
 I - 3 scrolls of magic mapping
 J - 2 scrolls of holy word
 N - a scroll of identify
Potions
 a - a potion of magic
 d - 4 potions of might
 f - a potion of invisibility
 i - 4 potions of mutation
 p - 7 potions of curing
 s - 2 potions of haste
 z - a potion of attraction
 A - a potion of cancellation
 S - a potion of degeneration {unknown}
Miscellaneous
 Q - a piece from Xom's chessboard (15/15)


   Skills:
 + Level 15.1 Fighting
 + Level 14.9 Maces & Flails
 + Level 15.1 Armour
 + Level 13.3 Dodging
 + Level 15.1 Shields


You had 11 spell levels left.
You knew the following spells:

 Your Spells              Type           Power      Damage    Failure   Level
a - Magic Dart            Conj           0%         1d3       99%         1
b - Blink                 Tloc           0%         N/A       100%        2

Your spell library contained the following spells:

 Spells                   Type           Power      Damage    Failure   Level
 Apportation              Tloc           0%         N/A       99%         1
 Shock                    Conj/Air       0%         1d3       99%         1
 Corpse Rot               Necr/Air       0%         N/A       100%        2
 Poisonous Vapours        Pois/Air       0%         N/A       100%        2
 Searing Ray              Conj           0%         2d4       100%        2
 Ignite Poison            Fire/Tmut/Pois 0%         N/A       100%        3
 Lesser Beckoning         Tloc           0%         N/A       100%        3
 Mephitic Cloud           Conj/Pois/Air  0%         N/A       100%        3
 Ozocubu's Armour         Ice            0%         N/A       100%        3
 Swiftness                Air            0%         N/A       100%        3
 Airstrike                Air            0%         N/A       100%        4
 Fulminant Prism          Conj/Hex       0%         3d6       100%        4
 Hailstorm                Conj/Ice       0%         3d3       100%        4
 Ice Form                 Ice/Tmut       0%         N/A       100%        4
 Iskenderun's Mystic Bla  Conj/Tloc      0%         2d3       100%        4
 Passage of Golubria      Tloc           0%         N/A       100%        4
 Alistair's Intoxication  Tmut/Pois      0%         N/A       100%        5
 Freezing Cloud           Conj/Ice/Air   0%         6-21      100%        5
 Lee's Rapid Deconstruct  Erth           0%         3d5*      100%        5
 Lightning Bolt           Conj/Air       0%         1d11      100%        5
 Manifold Assault         Tloc           0%         N/A       100%        5
 Yara's Violent Unravell  Hex/Tmut       0%         3d3       100%        5
 Ozocubu's Refrigeration  Ice            0%         4d5       100%        7
 Call Imp                 Summ           Unusable   N/A       N/A         2
 Tukima's Dance           Hex            Unusable   N/A       N/A         3
 Summon Lightning Spire   Summ/Air       Unusable   N/A       N/A         4
 Simulacrum               Ice/Necr       Unusable   N/A       N/A         6

Dungeon Overview and Level Annotations

Branches:
Dungeon (11/15)            Temple (1/1) D:7            Lair (1/6) D:8
    Orc (2/2) D:11            Elf (3/3) Orc:2

Altars:
Ashenzari
Cheibriados
Dithmenos
Elyvilon
Fedhas
Gozag
Hepliaklqana
Kikubaaqudgha
Makhleb
Nemelex Xobeh
Okawaru
Qazlal
Ru
Sif Muna
Trog
Uskayaw
Vehumet
Wu Jian
Xom
Yredelemnul
Zin
The Shining One

Shops:
D:4 [   D:9 :[[[   Orc:2 =([*:   Elf:1 =   Elf:2 (

Annotations:
D:5 3 runed translucent doors, Jortsu's ghost, novice DrFi; anet's ghost, novice MiBe
D:7 2 transporters, Grum; paps's ghost, novice GrEE


Innate Abilities, Weirdness & Mutations

You have a pair of horns on your head.
You reflexively headbutt those who attack you in melee.


Message History

Okay, then.
Okay, then.
Okay, then.
You whack the deep elf sorcerer!
The deep elf sorcerer looks as sick as possible!
The deep elf sorcerer is severely wounded.
The deep elf sorcerer is no longer moving quickly.
The deep elf sorcerer hits you but does no damage.
You whack the deep elf sorcerer!
The deep elf sorcerer looks as sick as possible!
The deep elf sorcerer is almost dead.
The deep elf high priest mumbles some strange prayers to its god against you.
Something smites you!
* * * LOW HITPOINT WARNING * * *
The deep elf demonologist gestures wildly while chanting.
You hit the deep elf annihilator.
The deep elf annihilator is poisoned.
You headbutt the deep elf annihilator.
The deep elf annihilator is lightly wounded.
You whack the deep elf annihilator!
The deep elf annihilator is moderately wounded.
You barely miss the deep elf annihilator.
Your headbutt misses the deep elf annihilator.
The deep elf annihilator is moderately wounded.
You feel troubled.
The deep elf annihilator says something but you don't hear anything.
You block the deep elf annihilator's attack.
You thrash the deep elf annihilator!!
The deep elf annihilator is severely wounded.
You thrash the deep elf annihilator!!
You kill the deep elf annihilator!
Okawaru accepts your kill.
The deep elf pyromancer gestures wildly while chanting.
The deep elf pyromancer blinks!
You are too injured to fight recklessly!
You feel better.
You kill the deep elf sorcerer!
Okawaru accepts your kill.
The deep elf sorcerer points at you and mumbles some strange words.
The sphere of damnation explodes!
The damnation engulfs you!!!
You die... .4e eee

#e# #e# #e# #)#
#)# ##@# #).#
##)## #####
#).# #####
#.#.# ##.##
#...####.#..
#..#
###..[##..#.
############.##
#..##.....#.
#............#
##...##....#
#...........##
###...##..#


You could see a deep elf master archer, 2 deep elf sorcerers, 2 deep elf
demonologists, a deep elf knight (fast, invisible), a deep elf high priest and
an ice devil (summoned).

Vanquished Creatures
  A deep elf blademaster (Elf:2)
  A deep elf sorcerer (Elf:3)
  2 orc warlords
  A deep elf demonologist (Elf:3)
  A deep elf annihilator (Elf:3)
  Harold (D:10)
  23 dancing weapons
  A two-headed ogre (D:11)
  3 orc high priests (Orc:2)
  19 deep elf knights
  Amaemon (D:10)
  12 deep elf archers
  A wizard (D:11)
  Pikel (D:8)
  20 deep elf pyromancers
  24 deep elf zephyrmancers
  5 orc knights
  6 orc sorcerers
  An orange demon (D:10)
  Joseph (Lair:1)
  A kobold demonologist (D:11)
  A rime drake (Lair:1)
  A hornet (D:7)
  4 trolls
  2 air elementals
  2 water elementals
  2 wraiths
  A fire elemental (Elf:1)
  19 yaks
  A basilisk (shapeshifter) (Elf:2)
  A steam dragon (D:8)
  2 vampire mosquitoes (D:10)
  3 wargs (Orc:1)
  37 orc warriors
  2 water moccasins
  Duvessa (D:7)
  2 sky beasts
  2 ice beasts
  A black bear (Lair:1)
  4 ogres
  6 centaurs
  A phantom (D:5)
  5 kobold brigands
  2 bullfrogs
  4 necrophages
  2 scorpions
  A water moccasin zombie (D:7)
  12 wights
  2 earth elementals
  Dowan (D:7)
  A howler monkey (D:7)
  An electric eel (D:10)
  3 hounds
  15 orc priests
  4 gnoll shamans
  A jelly (D:5)
  7 iguanas
  Natasha (thrice) (D:4)
  25 orc wizards
  A killer bee zombie (D:7)
  23 gnolls
  6 adders
  4 white imps
  2 ufetubi (D:7)
  2 worms (D:2)
  A dart slug (D:1)
  93 orcs
  7 ball pythons
  9 endoplasms
  6 giant cockroaches
  3 goblins
  7 hobgoblins
  28 kobolds
  5 quokkas
  4 bats
  4 frilled lizards
  4 rats
519 creatures vanquished.

Vanquished Creatures (collateral kills)
  2 gnolls (D:6)
2 creatures vanquished.

Vanquished Creatures (others)
  6 deep elf knights
  2 deep elf archers (Elf:2)
  A deep elf pyromancer (Elf:1)
  2 orcs
  2 kobolds (D:9)
  4 fungi
  9 plants
  A withered plant (D:7)
27 creatures vanquished.

Grand Total: 548 creatures vanquished

Notes
Turn   | Place    | Note
-------+----------+-------------------------------------------
     0 | D:1      | Artihs the Minotaur Fighter began the quest for the Orb.
     0 | D:1      | Reached XP level 1. HP: 19/19 MP: 0/0
     2 | D:1      | Noticed a naga
     2 | D:1      | Noticed a troll
     4 | D:1      | Noticed a human
     4 | D:1      | Noticed a dwarf
     6 | D:1      | Noticed a formicid
     8 | D:1      | Noticed a demonspawn
    12 | D:1      | Noticed an elf
    12 | D:1      | Noticed an octopode
    15 | D:1      | Noticed a vampire
    15 | D:1      | Noticed an ogre
    35 | D:1      | Noticed a merfolk
    35 | D:1      | Noticed a ghoul
    37 | D:1      | Noticed a vine stalker
    39 | D:1      | Noticed a felid
    39 | D:1      | Noticed a demigod
    41 | D:1      | Noticed a spriggan
    41 | D:1      | Noticed a draconian
    43 | D:1      | Noticed a gargoyle
    43 | D:1      | Noticed a minotaur
    45 | D:1      | Noticed a tengu
   261 | D:1      | Reached XP level 2. HP: 27/27 MP: 1/1
   881 | D:2      | Reached XP level 3. HP: 33/33 MP: 2/2
  1158 | D:2      | Reached XP level 4. HP: 35/41 MP: 3/3
  2099 | D:3      | Reached XP level 5. HP: 25/47 MP: 4/4
  2297 | D:3      | You fall into a shaft and drop 1 floor!
  2307 | D:4      | Reached skill level 1 in Dodging
  2413 | D:4      | Noticed Natasha
  2426 | D:4      | Killed Natasha
  2427 | D:4      | Reached skill level 5 in Fighting
  2595 | D:4      | Reached skill level 5 in Armour
  2595 | D:4      | Reached XP level 6. HP: 45/56 MP: 5/5
  2665 | D:4      | Reached skill level 5 in Shields
  2883 | D:4      | Noticed Natasha
  2889 | D:4      | Killed Natasha
  3056 | D:4      | Noticed Natasha
  3059 | D:4      | Killed Natasha
  3157 | D:4      | Found Gitoddomn's Armour Shop.
  3167 | D:4      | Reached XP level 7. HP: 21/61 MP: 6/6
  3373 | D:4      | Bought a +0 pair of gloves for 49 gold pieces
  3680 | D:4      | Reached skill level 5 in Maces & Flails
  4172 | D:3      | Found a white marble altar of Elyvilon.
  4558 | D:5      | Entered Level 5 of the Dungeon
  4863 | D:5      | Reached XP level 8. HP: 70/70 MP: 7/7
  4958 | D:5      | Learned a level 1 spell: Magic Dart
  4961 | D:5      | Learned a level 2 spell: Blink
  5493 | D:5      | Found a snail-covered altar of Cheibriados.
  5552 | D:5      | Found a runed translucent gate.
  5552 | D:5      | Found a runed translucent gate.
  5552 | D:5      | Found a runed translucent gate.
  5555 | D:5      | Noticed anet's ghost (novice MiBe)
  5555 | D:5      | Noticed Jortsu's ghost (novice DrFi)
  5569 | D:5      | Identified the +5 ring mail "Naxkugeg" {Harm}
  5957 | D:5      | Identified the +5 whip of Hubris {flame, Str-2 Int+4 Dex+7}
  6912 | D:6      | Reached skill level 5 in Dodging
  6976 | D:6      | Noticed a troll
  6982 | D:6      | Killed a troll
  6983 | D:6      | Reached XP level 9. HP: 71/79 MP: 8/8
  7785 | D:7      | Paralysed by a hornet for 3 turns
  7980 | D:7      | Found a flagged portal.
  8106 | D:7      | Found a transporter.
  8111 | D:7      | Noticed paps's ghost (novice GrEE)
  8116 | D:7      | Noticed Grum
  8162 | D:7      | Noticed Dowan
  8163 | D:7      | Noticed Duvessa
  8175 | D:7      | Killed Duvessa
  8187 | D:7      | Killed Dowan
  8192 | D:7      | Found a transporter.
  8241 | D:7      | Found a staircase to the Ecumenical Temple.
  8250 | Temple   | Entered the Ecumenical Temple
  8689 | Temple   | Became a worshipper of Warmaster Okawaru
  9243 | D:7      | Identified the amulet of Heidurox {Faith Harm rElec rF-
                  | Dex+3}
  9453 | D:8      | Reached * piety under Okawaru
  9611 | D:8      | Identified the +2 robe of the Wumpus {rF- Will+ Regen+
                  | Dex+6}
  9647 | D:8      | Reached XP level 10. HP: 69/90 MP: 9/9
  9811 | D:8      | Found a staircase to the Lair.
  9815 | D:8      | Noticed Pikel
  9834 | D:8      | Killed Pikel
  9901 | Lair:1   | Entered Level 1 of the Lair of Beasts
  9916 | Lair:1   | Noticed Joseph
  9935 | Lair:1   | Killed Joseph
  9940 | Lair:1   | Reached ** piety under Okawaru
 10393 | Lair:1   | Found a sacrificial altar of Ru.
 10485 | Lair:1   | Reached *** piety under Okawaru
 10884 | D:9      | Found Ruext's Antique Armour Boutique.
 10892 | D:9      | Bought a shiny ring mail for 196 gold pieces
 11001 | D:9      | Found Pylul's Book Shop.
 11145 | D:9      | Found Vuolup's Antique Armour Emporium.
 11153 | D:9      | Bought a runed cloak for 165 gold pieces
 11214 | D:9      | Found Wiant's Antique Armour Shoppe.
 11248 | D:9      | Identified the +4 hunting sling of the Hero {freeze, rPois
                  | rC+ Will+ Stlth+}
 11712 | D:10     | Entered Level 10 of the Dungeon
 11712 | D:10     | Noticed Harold
 11748 | D:10     | Killed Harold
 11749 | D:10     | Reached skill level 10 in Fighting
 11749 | D:10     | Reached skill level 10 in Armour
 11749 | D:10     | Reached skill level 10 in Shields
 11749 | D:10     | Reached XP level 11. HP: 89/99 MP: 6/10
 11761 | D:10     | Reached **** piety under Okawaru
 11777 | D:10     | Noticed Amaemon
 11796 | D:10     | Killed Amaemon
 12138 | D:10     | Reached skill level 10 in Maces & Flails
 12465 | D:11     | Noticed a two-headed ogre
 12467 | D:11     | Noticed a wizard
 12478 | D:11     | Killed a wizard
 12478 | D:11     | Reached ***** piety under Okawaru
 12482 | D:11     | Killed a two-headed ogre
 12572 | D:11     | Found a staircase to the Orcish Mines.
 12593 | Orc:1    | Entered Level 1 of the Orcish Mines
 12628 | Orc:1    | Received a gift from Okawaru
 12828 | Orc:2    | Entered Level 2 of the Orcish Mines
 12830 | Orc:2    | Noticed an orc sorcerer
 12832 | Orc:2    | Noticed an orc warlord
 12881 | Orc:1    | Killed an orc warlord
 13001 | Orc:1    | Killed an orc sorcerer
 13151 | Orc:2    | Noticed an orc sorcerer
 13182 | Orc:2    | Noticed an orc knight
 13197 | Orc:1    | Killed an orc knight
 13198 | Orc:1    | Reached XP level 12. HP: 99/110 MP: 8/11
 13328 | Orc:2    | Identified the +1 scale mail "Doacser" {rF+ rN++ Stlth-}
                  | (Okawaru gifted it to you on level 2 of the Orcish Mines)
 13328 | Orc:2    | Received a gift from Okawaru
 13414 | Orc:2    | Paralysed by an orc sorcerer for 7 turns
 13434 | Orc:2    | Paralysed by an orc sorcerer for 3 turns
 13480 | Orc:2    | Noticed an orc high priest
 13500 | Orc:2    | Killed an orc high priest
 13501 | Orc:2    | Reached skill level 10 in Dodging
 13825 | Orc:2    | Noticed an orc high priest
 13832 | Orc:2    | Noticed an orc warlord
 13865 | Orc:2    | Killed an orc high priest
 13915 | Orc:2    | Killed an orc warlord
 13980 | Orc:2    | Noticed an orc high priest
 13990 | Orc:2    | Killed an orc high priest
 14065 | Orc:2    | Found a staircase to the Elven Halls.
 14129 | Orc:2    | Found Plog's Jewellery Shoppe.
 14135 | Orc:2    | Bought a +6 ring of dexterity for 877 gold pieces
 14289 | Orc:2    | Found Leestism's Antique Armour Boutique.
 14289 | Orc:2    | Found Haster's Antique Weapon Shop.
 14293 | Orc:2    | Found Onuheb's General Store.
 14293 | Orc:2    | Found Suoff's Book Boutique.
 14309 | Orc:2    | Bought a scroll of identify for 32 gold pieces
 14309 | Orc:2    | Bought a potion of curing for 48 gold pieces
 14309 | Orc:2    | Bought a scroll of identify for 32 gold pieces
 14531 | Elf:1    | Entered Level 1 of the Elven Halls
 14554 | Orc:2    | Received a gift from Okawaru
 14554 | Orc:2    | Found the +15 Maxwell's patent armour {-Cast -Tele rElec
                  | Will+ rCorr}
 14555 | Orc:2    | Reached XP level 13. HP: 71/119 MP: 9/12
 14804 | Elf:1    | Found Cauf Xai's Jewellery Boutique.
 15004 | Elf:1    | Paralysed by an air elemental for 1 turns
 15458 | Elf:1    | Received a gift from Okawaru
 15913 | Elf:2    | Reached XP level 14. HP: 85/130 MP: 10/13
 16014 | Elf:2    | Received a gift from Okawaru
 16542 | Elf:2    | Found a runed translucent gate.
 16543 | Elf:2    | Found a runed translucent gate.
 16543 | Elf:2    | Found a runed translucent gate.
 16604 | Elf:2    | Found Yryad's Antique Weapon Shop.
 16859 | Elf:2    | Noticed a deep elf blademaster
 16910 | Elf:2    | Killed a deep elf blademaster
 16918 | Elf:2    | Received a gift from Okawaru
 17264 | Elf:2    | Received a gift from Okawaru
 17499 | Elf:2    | Reached XP level 15. HP: 137/139 MP: 9/14
 17734 | Elf:3    | Entered Level 3 of the Elven Halls
 17778 | Elf:3    | Reached skill level 15 in Shields
 18015 | Elf:3    | Paralysed by an air elemental for 1 turns
 18021 | Elf:3    | Paralysed by an air elemental for 1 turns
 18026 | Elf:3    | Reached skill level 15 in Fighting
 18045 | Elf:3    | Reached skill level 15 in Armour
 18222 | Elf:3    | Noticed a deep elf sorcerer
 18234 | Elf:3    | Noticed a deep elf sorcerer
 18235 | Elf:3    | Noticed an Executioner
 18256 | Elf:3    | Noticed a deep elf sorcerer
 18263 | Elf:3    | Noticed a deep elf master archer
 18272 | Elf:3    | Killed a deep elf sorcerer
 18272 | Elf:3    | Killed from afar by a deep elf sorcerer

Illustrated notes

Levels and vault maps discovered:
D:1:      kb_arrival_jail, layout_loops_ring
D:2:      minmay_chambers_of_twos, layout_basic
D:3:      layout_basic, elyvilon_altar_1
D:4:      layout_loops_ring, serial_shops, shop, minmay_quadrilaterals,
          uniq_natasha
D:5:      layout_loops_ring, cheibriados_altar_1, gammafunk_ghost_cemetery,
          minivault_5
D:6:      layout_loops_corners, nicolae_zen_rock_garden
D:7:      layout_loops_ring, minmay_temple_entry_statues_fountains,
          gammafunk_ghost_gnarly_gnolls, enter_bailey_8, serial_undead,
          serial_undead_f, serial_undead_c, serial_undead_c, serial_undead_d,
          uniq_duvessa
D:8:      layout_rooms, dpeg_oklobed_lair, uniq_pikel
D:9:      layout_cave_pods, serial_shops, nicolae_shop_window_shopping,
          nicolae_shop_temple_entry_statues_fountains, nicolae_shop_statue_plus,
          shop_statue
D:10:     layout_rooms, serial_bayou_ford_a, minivault_21, uniq_amaemon,
          uniq_harold
D:11:     minmay_smoke_and_mirrors, layout_loops_cross, hiddenorc1_lemuel
Temple:   mainiacjoe_temple_big_plus
Lair:1:   layout_regular_city, basic_altar, serial_bayou_shore_a, uniq_joseph
Orc:1:    layout_diamond_mine
Orc:2:    st_orc_congregation, layout_caves, serial_shops, nicolae_square_shop
Elf:1:    eino_elf_arrival_the_gate, layout_gridlike, serial_shops,
          nicolae_lakefront_shop, hangedman_corner_corridor,
          nicolae_elf_w_pinch, minivault_25
Elf:2:    nicolae_elf_blades_crystal_corner, layout_geoelf_grid, serial_shops,
          shop, corexii_hall_statues_t
Elf:3:    nooodl_elf_gasket, layout_geoelf_grid, serial_sigils,
          serial_sigils_hangedman_quiver, serial_sigils_hangedman_etch,
          serial_sigils_hangedman_quiver, serial_sigils_hangedman_snap

Skill      XL: |  1  2  3  4  5  6  7  8  9 10 11 12 13 14 15 |
---------------+----------------------------------------------+-----
Fighting       | 4 5 6 7 8 10 11 12 13 14 15 | 15.1
Armour         | 4 5 6 7 8 10 11 12 13 14 15 | 15.1
Shields        | 4 5 6 7 8 10 11 12 13 14 15 | 15.1
Maces & Flails | 3 4 5 6 8 9 11 12 13 14 | 14.9
Dodging        | 1 2 3 5 6 8 9 10 11 13 | 13.3

Action                   |  1- 3 |  4- 6 |  7- 9 | 10-12 | 13-15 || total
-------------------------+-------+-------+-------+-------+-------++-------
Melee: Flail             |    68 |    49 |       |       |       ||   117
       Headbutt          |     4 |    26 |    78 |   163 |   145 ||   416
       Mace              |       |    84 |   159 |       |    96 ||   339
       Whip              |       |       |   203 |   270 |       ||   473
       Demon whip        |       |       |       |   496 |   551 ||  1047
       Eveningstar       |       |       |       |       |    25 ||    25
Throw: Throwing net      |       |       |     2 |       |       ||     2
       Boomerang         |       |       |    82 |    74 |    13 ||   169
       Dart              |       |       |       |    29 |     3 ||    32
       Javelin           |       |       |       |    12 |     4 ||    16
Invok: Heroism           |       |       |       |    37 |    51 ||    88
Evoke: Wand              |       |       |     3 |    16 |     4 ||    23
       Box of beasts     |       |       |     1 |       |       ||     1
  Use: Scroll            |       |     6 |     9 |     9 |     3 ||    27
       Potion            |       |       |     3 |     3 |     9 ||    15
 Stab: Invisible         |       |       |       |     1 |       ||     1
Armor: Scale mail        |    19 |    59 |   140 |    33 |       ||   251
       Ring mail         |       |       |       |   189 |       ||   189
       Plate armour      |       |       |       |       |   259 ||   259
Dodge: Dodged            |    31 |    62 |   164 |   301 |   188 ||   746
Block: Buckler           |    16 |    30 |    81 |     3 |       ||   130
       Kite shield       |       |       |       |   371 |   329 ||   700

Table legend: (Time is in decaauts)
 A = Elapsed time spent in this place.
 B = Non-inter-level travel time spent in this place.
 C = Inter-level travel time spent in this place.
 D = Time resting spent in this place.
 E = Time spent auto-exploring this place.
 F = Levels seen in this place.
 G = Mean time per level.
                   A        B        C        D        E       F      G
               +--------+--------+--------+--------+--------+-----+--------+
         Total |  17883 |  13998 |   3885 |   2964 |   7133 |  18 |  993.5 |
       Dungeon |  11261 |   9145 |   2116 |   2389 |   4839 |  11 | 1023.7 |
        Temple |    469 |    380 |     89 |      0 |    372 |   1 |  469.0 |
          Lair |    866 |    233 |    633 |     58 |      0 |   1 |  866.0 |
  Orcish Mines |   1864 |   1410 |    454 |    165 |    406 |   2 |  932.0 |
   Elven Halls |   3421 |   2828 |    593 |    352 |   1516 |   3 | 1140.3 |
               +--------+--------+--------+--------+--------+-----+--------+

Top non-repeatable levels by time:
     D:4: 1812 daAuts
     D:5: 1767 daAuts
   Elf:2: 1628 daAuts
     D:6: 1443 daAuts
   Orc:2: 1396 daAuts
   Elf:1: 1292 daAuts
     D:7: 1188 daAuts
     D:2: 1130 daAuts
  Lair:1: 866 daAuts
     D:1: 852 daAuts
     D:3: 825 daAuts
     D:9: 819 daAuts
    D:10: 719 daAuts
     D:8: 566 daAuts
   Elf:3: 500 daAuts
